 Dungeon Crawl Stone Soup version 0.28.0-62-gf88900778d (webtiles) character file.

Game seed: 9905292108292027393

51 cbfl8 the Covered (level 3, 0/33 HPs)
             Began as a Minotaur Fighter on Mar 10, 2024.
             Slain by a kobold
             ... wielding a +0 whip
              (2 damage)
             ... on level 3 of the Dungeon.
             The game lasted 00:01:27 (1748 turns).

cbfl8 the Covered (Minotaur Fighter)                Turns: 1748, Time: 00:01:27

Health: 0/33       AC:  7    Str: 20    XL:     3   Next: 58%
Magic:  2/2        EV:  9    Int:  5    God:
Gold:   44         SH:  4    Dex: 11    Spells: 2/2 levels left

rFire   . . .      SeeInvis .   a - +0 war axe
rCold   . . .      Faith    .   c - +0 buckler
rNeg    . . .      Spirit   .   b - +0 scale mail
rPois   .          Reflect  .   (helmet restricted)
rElec   .          Harm     .   (no cloak)
rCorr   .          Rampage  .   (no gloves)
Will    .....                   (no boots)
Stlth   ..........              (no amulet)
HPRegen 0.11/turn               (no ring)
MPRegen 0.08/turn               (no ring)

@: slowed, very slow
A: horns 2, retaliatory headbutt
a: no special abilities


You were on level 3 of the Dungeon.
You visited 1 branch of the dungeon, and saw 3 of its levels.

You collected 44 gold pieces.

Inventory:

Hand Weapons
 a - a +0 war axe (weapon)
Armour
 b - a +0 scale mail (worn)
 c - a +0 buckler (worn)
Scrolls
 g - a scroll of fog {unknown}
 h - a scroll of enchant weapon {unknown}
 i - a scroll of enchant armour {unknown}
 j - a scroll of identify {unknown}
 l - a scroll of fear {unknown}
Potions
 d - a potion of might
 e - a potion of lignification {unknown}
 f - 2 potions of haste {unknown}
 k - a potion of curing {unknown}


   Skills:
 + Level 4.0 Fighting
 + Level 2.9 Axes
 + Level 4.2 Armour
 + Level 4.1 Shields
 * Level 1.1 Evocations


You had 2 spell levels left.
You didn't know any spells.
Your spell library contained the following spells:

 Spells                   Type           Power      Damage    Failure   Level
 Animate Skeleton         Necr           0%         N/A       88%         1
 Pain                     Necr           0%         1d4       88%         1
 Vampiric Draining        Necr           0%         2d6       99%         3


Dungeon Overview and Level Annotations

Branches:
Dungeon (3/15)

Altars:

Annotations:
D:3 Natasha


Innate Abilities, Weirdness & Mutations

You have a pair of horns on your head.
You reflexively headbutt those who attack you in melee.


Message History

The endoplasm freezes you.
You are frozen.
The kobold hits you but does no damage. Natasha claws you.
The endoplasm hits you but does no damage.
You block the kobold's attack. The worm bites you but does no damage.
You are too injured to fight recklessly!
Unknown command.
You are too injured to fight recklessly!
You barely miss Natasha.
Natasha is almost dead.
You slash the worm!
You kill the worm!
You hit the kobold. You hit the endoplasm.
You kill the endoplasm!
Natasha stares at you and mumbles some strange words.
You feel as though you will be slow longer.
The kobold hits you but does no damage. Natasha claws you.
* * * LOW HITPOINT WARNING * * *
The kobold hits you but does no damage.
The crimson imp hits you but does no damage.
A dart slug comes into view.
The orc hits you with a +0 club.
* * * LOW HITPOINT WARNING * * *
Unknown command.
You hit Natasha.
Natasha is almost dead.
You barely miss the crimson imp. You hit the kobold. You barely miss the orc.
Natasha completely misses you. The kobold hits you with a +0 whip.
* * * LOW HITPOINT WARNING * * *
The crimson imp hits you but does no damage.
The orc hits you with a +0 club.
* * * LOW HITPOINT WARNING * * *
An adder comes into view.
Natasha misses you. The kobold hits you but does no damage.
The crimson imp barely misses you. The orc hits you with a +0 club.
* * * LOW HITPOINT WARNING * * *
Natasha casts a spell.
The adder hisses angrily.
Natasha casts a spell.
The kobold hits you with a +0 whip.
You die...

......# .# ...#..####.#
.#.#.......# ......# #..#
.#....# #..# ......###..#
.#....#....#
.#.##......############..
.#....###.......@o..5....
.####<# ##.##...K5h......
.[..)## #.##?....5......
.##### #.##.........w..
## #.##............
####.....S......
#............
#............
#............


You could see an iron imp (summoned), Natasha, a crimson imp (summoned), an
adder, a shadow imp (summoned), a dart slug, an orc and a kobold.

Vanquished Creatures
  A worm (D:3)
  3 orcs (D:3)
  5 ball pythons
  6 bats
  An endoplasm (D:3)
  A giant cockroach (D:1)
  6 goblins
  A hobgoblin (D:2)
  7 kobolds
  5 quokkas
  3 frilled lizards
  4 rats
43 creatures vanquished.

Notes
Turn   | Place    | Note
-------+----------+-------------------------------------------
     0 | D:1      | cbfl8 the Minotaur Fighter began the quest for the Orb.
     0 | D:1      | Reached XP level 1. HP: 19/19 MP: 0/0
   210 | D:1      | Reached XP level 2. HP: 14/27 MP: 1/1
   869 | D:2      | Reached XP level 3. HP: 33/33 MP: 2/2
  1235 | D:2      | Reached skill level 1 in Evocations
  1739 | D:3      | Noticed Natasha
  1748 | D:3      | Slain by a kobold

Illustrated notes

Levels and vault maps discovered:
D:1:      dpeg_arrival_long_road, layout_rooms, hex_medium
D:2:      layout_basic
D:3:      layout_basic, ebering_ecumenical_altar_sacrificial,
          due_unseen_surprise, uniq_natasha

Skill      XL: |  1  2  3 |
---------------+----------+-----
Armour         | 4 |  4.2
Fighting       | 4 |  4.0
Shields        | 4 |  4.1
Evocations     | 1 |  1.1
Axes           | |  2.9

Action                   || total
-------------------------++-------
Melee: War axe           ||    83
       Headbutt          ||     8
Armor: Scale mail        ||    59
Dodge: Dodged            ||    43
Block: Buckler           ||    26
